 Dungeon Crawl Stone Soup version 0.31-a0-167-g1c394c0614 (webtiles) character file.

Game seed: 422737233194195238

128 qw the Chopper (level 5, -1/32 HPs)
             Began as a Gargoyle Fighter on June 14, 2023.
             Slain by an orc
             ... wielding a +0 trident
              (5 damage)
             ... on level 4 of the Dungeon.
             The game lasted 00:01:13 (2532 turns).

qw the Chopper (Gargoyle Fighter)                   Turns: 2532, Time: 00:01:14

Health: -1/32      AC: 14    Str: 22    XL:     5   Next: 11%
Magic:  5/5        EV:  8    Int:  8    God:
Gold:   154        SH:  4    Dex:  9    Spells: 4/4 levels left

rFire   . . .        Y - +1 war axe
rCold   . . .        c - +0 buckler
rNeg    + . .        e - +0 chain mail
rPois   inf          f - +0 helmet
rElec   +            (no cloak)
rCorr   .            (no gloves)
SInv    .            (no boots)
Will    .....        g - amulet of faith Stlth
                     (no ring)
HPRegen 0.25/turn    (no ring)
MPRegen 0.09/turn

%: faith
@: weak-willed
A: sickness immunity, AC +4, negative energy resistance 1, electricity
resistance, torment resistance 1, petrification resistance
a: no special abilities


You were on level 4 of the Dungeon.
You visited 1 branch of the dungeon, and saw 4 of its levels.

You collected 154 gold pieces.


Innate Abilities, Weirdness & Mutations

You are immune to sickness and miasma.
Your stone body is resilient. (AC +4)
You are immune to poison.
You resist negative energy. (rN+)
You are resistant to electric shocks. (rElec)
You are resistant to unholy torment.
You are immune to petrification.


   Skills:
 - Level 3.2 Fighting
 + Level 4.4 Axes
 - Level 1.0 Throwing
 - Level 3.2 Armour
 - Level 3.2 Shields


You had 4 spell levels left.
You didn't know any spells.
Your spell library was empty.

Inventory:

Hand Weapons
 i - a +0 mace
 Y - a +1 war axe (weapon)
Missiles
 q - 2 javelins (quivered)
Armour
 c - a +0 buckler (worn)
 e - a +0 chain mail (worn)
 f - a +0 helmet (worn)
Jewellery
 g - an amulet of faith (around neck)
Scrolls
 r - a scroll of identify
Potions
 d - 3 potions of might
 h - a potion of degeneration {unknown}
 j - a potion of heal wounds {unknown}
 l - a potion of cancellation {unknown}
 m - a potion of brilliance {unknown}
 o - a potion of curing {unknown}

Dungeon Overview and Level Annotations

Branches:
Dungeon (4/15)
 Temple: D:4-7

Altars:
Cheibriados
Qazlal
Ru
Trog
Uskayaw
Wu Jian


Message History

2506 ||| READING scroll labelled NUUTUG BORCHU.
As you read the scroll labelled NUUTUG BORCHU, it crumbles to dust.
It is a scroll of amnesia.
You feel forgetful for a moment.
Done exploring.
(D) Dungeon
Where to? (* - list waypoints, Enter - D:3, ? - help)
What level of the Dungeon? (default 1, ? - help)
There is a stone staircase leading down here.
You climb downwards.
The ogre shouts!
The orc shouts!
The orc wizard shouts!
Found a tubular gilded ring.
Found a stone staircase leading up.
There is a stone staircase leading up here.
There are monsters nearby!
Waypoint 3 assigned to D:4.
The orc wizard casts a spell at you. The puff of flame hits you!
You slash the ogre!
The ogre is moderately wounded.
The orc closely misses you. The ogre closely misses you.
You slash the ogre!
The ogre is severely wounded.
The orc wizard casts a spell.
The orc wizard flickers and vanishes!
Deactivating autopickup; reactivate with Ctrl-A.
The orc hits you from afar with a +0 trident.
The ogre hits you with a +0 giant club.
You barely miss the ogre.
The ogre is severely wounded.
You barely miss the orc. You block the orc's attack.
The orc hits you with a +0 hand axe.
You hit the ogre.
The ogre is severely wounded.
You barely miss the orc. The orc barely misses you.
The ogre hits you with a +0 giant club! The orc closely misses you.
The orc hits you but does no damage. x2
You slash the ogre!
You kill the ogre!
You hit the orc. You hit something.
The orc hits you from afar with a +0 trident.
You die...

#+## .....
....######...<.#
...............#
...............#
...............#
...............#
.......).o.....#
.......@o.=....#
........{......#
##+#...........#
#...........#
#####+#......
...... #####.


You could see 2 orcs.

Vanquished Creatures
  An ogre (D:4)
  Robin (D:3)
  5 adders
  A worm (D:2)
  An orc (D:3)
  6 ball pythons
  11 bats
  4 endoplasms
  3 giant cockroaches (D:2)
  9 goblins
  3 hobgoblins (D:1)
  2 jackals (D:2)
  4 quokkas
  3 frilled lizards
  8 kobolds
  5 rats
67 creatures vanquished.

Notes
Turn   | Place    | Note
-------+----------+-------------------------------------------
     0 | D:1      | qw the Gargoyle Fighter began the quest for the Orb.
     0 | D:1      | Reached XP level 1. HP: 14/14 MP: 1/1
     0 | D:1      | 0 ||| qw: Version: 0.2-a-29-g1fa15c8
     0 | D:1      | 0 ||| qw: Game counter: 4984
     0 | D:1      | 0 ||| qw: Always use a shield: true
     0 | D:1      | 0 ||| qw: God list: Okawaru
     0 | D:1      | 0 ||| qw: Allow faded altars: false
     0 | D:1      | 0 ||| qw: Do Orc after D:15 true
     0 | D:1      | 0 ||| qw: Do second Lair branch before Depths: true
     0 | D:1      | 0 ||| qw: Lair rune preference: random
     0 | D:1      | 0 ||| qw: Plans: Normal, Zot:1-4, Slime:5, God:TSO, Crypt,
                  | Tomb, Abyss, Pan, Hells, Win
     0 | D:1      | 0 ||| PLANNING D:1-11
   165 | D:1      | Reached skill level 2 in Axes
   253 | D:1      | 253 ||| DROPPING +0 whip.
   264 | D:1      | Reached XP level 2. HP: 19/19 MP: 2/2
   303 | D:1      | 303 ||| Stepping ~*~*~tactically~*~*~ (hiding).
   304 | D:1      | 304 ||| Stepping ~*~*~tactically~*~*~ (hiding).
   350 | D:1      | 350 ||| Stepping ~*~*~tactically~*~*~ (stealth).
   543 | D:1      | Reached skill level 3 in Axes
   607 | D:1      | Reached XP level 3. HP: 23/23 MP: 3/3
   759 | D:1      | 759 ||| UPGRADING to amulet of faith.
   764 | D:1      | 764 ||| READING scroll labelled ZOJIAKK ZOWADE.
   765 | D:1      | 765 ||| READING scroll labelled REOSAZX XIAHEO.
   866 | D:1      | 866 ||| READING scroll labelled PEMMEU LAUKH.
   898 | D:2      | 898 ||| STAIRDANCE
  1022 | D:2      | 1022 ||| Stepping ~*~*~tactically~*~*~ (stealth).
  1136 | D:2      | Reached skill level 1 in Throwing
  1289 | D:2      | Reached XP level 4. HP: 28/28 MP: 4/4
  1515 | D:2      | 1515 ||| READING scroll labelled GOSA NAMUG.
  1516 | D:2      | 1516 ||| READING scroll labelled BOEFADGHEMA.
  1517 | D:2      | 1517 ||| READING scroll labelled JEZXED QERO.
  1518 | D:2      | 1518 ||| READING scroll labelled MIOLOR SENYNK.
  1576 | D:3      | Found a sacrificial altar of Ru.
  1610 | D:3      | 1610 ||| Stepping ~*~*~tactically~*~*~ (stealth).
  1636 | D:3      | 1636 ||| Stepping ~*~*~tactically~*~*~ (hiding).
  1643 | D:3      | Noticed Robin
  1658 | D:3      | Killed Robin
  1659 | D:3      | Reached skill level 4 in Axes
  1755 | D:3      | 1755 ||| Stepping ~*~*~tactically~*~*~ (stealth).
  1936 | D:3      | Found a hide-covered altar of Uskayaw.
  2126 | D:3      | Reached XP level 5. HP: 30/32 MP: 5/5
  2342 | D:3      | Found a snail-covered altar of Cheibriados.
  2343 | D:3      | Found an ornate altar of the Wu Jian Council.
  2344 | D:3      | Found a bloodstained altar of Trog.
  2345 | D:3      | Found a stormy altar of Qazlal.
  2487 | D:3      | 2487 ||| UPGRADING to +0 chain mail.
  2497 | D:3      | 2497 ||| DROPPING +0 scale mail.
  2498 | D:3      | 2498 ||| UPGRADING to +0 helmet.
  2503 | D:3      | 2503 ||| DROPPING ring of flight.
  2504 | D:3      | 2504 ||| READING scroll labelled DUOS MICVY.
  2505 | D:3      | 2505 ||| READING scroll labelled HEIGRI DURICRETH.
  2506 | D:3      | 2506 ||| READING scroll labelled NUUTUG BORCHU.
  2526 | D:4      | Noticed an ogre
  2531 | D:4      | HP: 4/32 [ogre/+0 giant club (10)]
  2532 | D:4      | Killed an ogre
  2532 | D:4      | Slain by an orc

Levels and vault maps discovered:
D:1:      dpeg_cavernosity, layout_rooms, chequers_serial_rivers_micro_b
D:2:      layout_rooms, kennysheep_small_spiral, serial_park_tiny_pond
D:3:      layout_basic, nicolae_ru_the_path_less_chosen,
          nicolae_uskayaw_suspiria, mainiacjoe_overflow_alcove_3,
          serial_bayou_pond_c, minmay_distorted, uniq_robin
D:4:      layout_gridville, kennysheep_path_1

Skill      XL: |  1  2  3  4 |
---------------+-------------+-----
Axes           | 2 3 4 |  4.4
Throwing       | 1 |  1.0
Fighting       | |  3.2
Armour         | |  3.2
Shields        | |  3.2

Action                     |  1- 3 |  4- 6 || total
---------------------------+-------+-------++-------
  Melee: War axe           |   113 |    57 ||   170
  Throw: Javelin           |    27 |    20 ||    47
    Use: Scroll            |     3 |     7 ||    10
 Armour: Scale mail        |    62 |    31 ||    93
         Chain mail        |       |     2 ||     2
  Dodge: Dodged            |    63 |    26 ||    89
  Block: Buckler           |    27 |    14 ||    41

Table legend:
 A = Non-vault XP
 B = Vault XP
 C = Vault XP percentage of total XP
 D = Non-vault monster count
 E = Vault monster count
 F = Vault count percentage of total count
                 A         B        C        D         E       F
            +---------+---------+-------+---------+---------+-------
      Total |     257 |      44 |  14.6 |      51 |      16 |  23.9
            +---------+---------+-------+---------+---------+-------
        D:1 |      30 |       7 |  18.9 |      20 |       4 |  16.7
        D:2 |      57 |       0 |   0.0 |      19 |       0 |   0.0
        D:3 |      52 |      37 |  41.6 |      11 |      12 |  52.2
        D:4 |     118 |       0 |   0.0 |       1 |       0 |   0.0
            +---------+---------+-------+---------+---------+-------
